 Dungeon Crawl Stone Soup version 0.27-a0-1308-gc08437e49b (webtiles) character file.

Game seed: 15534142510664180092

75 mordus the Slasher (level 4, 0/35 HPs)
             Began as a Formicid Abyssal Knight on June 18, 2021.
             Was a Follower of Lugonu.
             Succumbed to an orc's poison
             ... on level 2 of the Dungeon.
             The game lasted 00:02:43 (3002 turns).

mordus the Slasher (Formicid Abyssal Knight)        Turns: 3002, Time: 00:02:44

Health: 0/35       AC:  6    Str: 18    XL:     4   Next: 55%
Magic:  6/6        EV: 11    Int: 11    God:    Lugonu [*.....]
Gold:   59         SH:  0    Dex: 10    Spells: 3/3 levels left

rFire    . . .     SeeInvis +   a - +1 falchion
rCold    . . .     Faith    .   (no shield)
rNeg     . . .     Spirit   .   b - +0 leather armour
rPois    .         Reflect  .   (helmet unavailable)
rElec    .         Harm     .   n - +0 cloak
rCorr    .         Rampage  .   j - +1 pair of gloves
Will     .....                  (no boots)
Stlth    +.........             (no amulet)
HPRegen  0.11/turn              (no ring)
MPRegen  0.10/turn              (no ring)

@: lethally poisoned (0 -> -29)
A: permanent stasis, dig shafts and tunnels, antennae 3, four strong arms
a: Dig, Shaft Self, Renounce Religion, Depart the Abyss


You were on level 2 of the Dungeon.
You worshipped Lugonu.
Lugonu was aware of your devotion.
You visited 1 branch of the dungeon, and saw 3 of its levels.
You visited the Abyss 1 time.

You collected 59 gold pieces.

Inventory:

Hand Weapons
 a - a +1 falchion (weapon)
Armour
 b - a +0 leather armour (worn)
 j - a +1 pair of gloves (worn)
 n - a +0 cloak (worn)
Jewellery
 l - a ring of protection from fire
Scrolls
 c - a scroll of vulnerability {unknown}
 e - a scroll of fear
Potions
 d - a potion of degeneration {unknown}
 g - 3 potions of curing {unknown}
 h - a potion of mutation {unknown}
 m - a potion of invisibility {unknown}


   Skills:
 - Level 3.2 Fighting
 * Level 3.4 Long Blades
 + Level 3.0 Armour
 - Level 0.8 Dodging
 + Level 3.2 Invocations


You had 3 spell levels left.
You didn't know any spells.
Your spell library contained the following spells:

 Spells                   Type           Power      Damage    Failure   Level
 Corona                   Hex            0%         N/A       38%         1
 Ensorcelled Hibernation  Hex/Ice        0%         N/A       54%         2
 Confusing Touch          Hex            0%         N/A       77%         3
 Dazzling Flash           Conj/Hex       0%         N/A       77%         3
 Tukima's Dance           Hex            0%         N/A       77%         3


Dungeon Overview and Level Annotations

Branches:
Dungeon (3/15)

Altars:
Yredelemnul


Innate Abilities, Weirdness & Mutations

You cannot be hasted, slowed, berserked, paralysed or teleported.
You can dig through walls and to a lower floor.
You have a pair of large antennae on your head. (SInv)
Your four strong arms can wield two-handed weapons with a shield.


Message History

You hit the orc.
The orc is severely wounded.
The orc closely misses you.
You hit the orc.
You kill the orc!
Lugonu accepts your kill.
No target in view!
No target in view!
You start resting.
HP restored.
You climb downwards.
The orc misses you. The hobgoblin barely misses you.
The orc hits you with a +0 short sword of venom.
You are poisoned.
The hobgoblin barely misses you.
There is a stone staircase leading up here.
You feel very sick.
The orc priest begins to cast a cantrip, but forgets the words!
The orc hits you with a +0 short sword of venom.
You are more poisoned.
The hobgoblin hits you.
You climb upwards.
You feel very sick.
There is a stone staircase leading down here.
You hit the orc.
The orc is lightly wounded.
You feel very sick.
The orc hits you with a +0 short sword of venom.
You are lethally poisoned!
The hobgoblin barely misses you.
You riposte.
You hit the hobgoblin.
The hobgoblin is heavily wounded.
You barely miss the orc.
The orc is lightly wounded.
* * * LOW HITPOINT WARNING * * *
You feel very sick. The orc hits you but does no damage.
You are more poisoned.
The hobgoblin hits you but does no damage.
You hit the orc.
The orc is moderately wounded.
You die...

#.########### #.#
#... #.# #.## #.#
#.# #.# #####.#
#.####.....#
######.#.##.#####
#......#........##
#@)...............
#go....#+##'###.##
#.............#.#
#.####≈.......#.#
#...≈≈≈♣......#.#
#...P♣≈.......#.#
#....≈♣P......#.#
##....PP.......#.#
#....##.#....###.#


You could see an orc and a hobgoblin.

Vanquished Creatures
  An adder (D:2)
  6 orcs
  4 bats
  6 endoplasms
  A giant cockroach (D:1)
  13 hobgoblins
  2 quokkas (D:2)
  2 ball pythons (D:2)
  5 frilled lizards
  5 goblins (D:1)
  5 kobolds (D:1)
  4 rats
54 creatures vanquished.

Notes
Turn   | Place    | Note
-------+----------+-------------------------------------------
     0 | Abyss:1  | mordus the Formicid Abyssal Knight began the quest for the
                  | Orb.
     0 | Abyss:1  | Reached XP level 1. HP: 18/18 MP: 2/2
    71 | Abyss:1  | Noticed a starcursed mass
    75 | D:1      | Escaped the Abyss
   298 | D:1      | Reached XP level 2. HP: 12/24 MP: 3/3
   299 | D:1      | Reached * piety under Lugonu
   309 | D:1      | Found a faded altar of an unknown god.
   941 | D:1      | Reached XP level 3. HP: 25/29 MP: 4/4
  1868 | D:2      | Reached XP level 4. HP: 24/35 MP: 6/6
  2024 | D:2      | Found a basalt altar of Yredelemnul.
  3002 | D:2      | Succumbed to an orc's poison

Illustrated notes

Levels and vault maps discovered:
D:1:      nicolae_arrival_memento_mori, layout_basic, basic_ecumenical_altar
D:2:      layout_basic, basic_altar, serial_bayou_pond_d
D:3:      layout_rooms, ebering_ghost_gozag

Skill      XL: |  1  2  3  4 |
---------------+-------------+-----
Long Blades    | 3 |  3.4
Invocations    | 3 |  3.2
Armour         | 3 |  3.0
Fighting       | |  3.2
Dodging        | |  0.8

Action                   |  1- 3 |  4- 6 || total
-------------------------+-------+-------++-------
Melee: Falchion          |   102 |    61 ||   163
Invok: Depart the Abyss  |     1 |       ||     1
  Use: Scroll            |       |     7 ||     7
Armor: Leather armour    |    18 |    22 ||    40
Dodge: Dodged            |    71 |    51 ||   122
       Rpst.: Falchion   |    21 |    14 ||    35

Table legend: (Time is in decaauts)
 A = Elapsed time spent in this place.
 B = Non-inter-level travel time spent in this place.
 C = Inter-level travel time spent in this place.
 D = Time resting spent in this place.
 E = Time spent auto-exploring this place.
 F = Levels seen in this place.
 G = Mean time per level.
                   A        B        C        D        E       F      G
               +--------+--------+--------+--------+--------+-----+--------+
         Total |   3032 |   2995 |     37 |    452 |   2125 |   4 |  758.0 |
       Dungeon |   2957 |   2920 |     37 |    452 |   2056 |   3 |  985.7 |
         Abyss |     75 |     75 |      0 |      0 |     69 |   1 |   75.0 |
               +--------+--------+--------+--------+--------+-----+--------+

Top non-repeatable levels by time:
     D:1: 1777 daAuts
     D:2: 1098 daAuts
     D:3: 81 daAuts
 Abyss:1: 75 daAuts
